AoeStats
← ImpReSRa

Arena

511367795Analyzed
4v4 RM · 15d ago on Oct 4, 2026· 31m 17s· 8 players
Game mode
Random Map
Map size
Large (8 player)
Population
200
Speed
Normal
Resources
Standard
Victory
Conquest
Starting age
Dark Age
Ending age
Imperial Age
RankedLock teamsTeams togetherTeam positionsShared explorationLock speedFull tech treeHidden civsTurbo modeCheats
Victory
Defeat
🇷🇺 Goths · Russia
789
+18
🇷🇺 Vietnamese · Russia
786
+18
🇷🇺 Britons · Russia
786
+18
🇷🇺 Turks · Russia
786
+18
vs
🇲🇽 Magyars · Mexico
860
-20
🇺🇸 Persians · United States
839
-19
🇦🇷 Khmer · Argentina
817
-17
🇨🇱 Byzantines · Chile
781
-16
Jan
11:20 Feudal Age
17:15 Castle Age
16:28 Stone Mining
16:30 Double-Bit Axe
19:14 Gold Mining
19:39 Bow Saw
19:11 Horse Collar
21:00 Caravan
21:13 Heavy Plow
28:37 Imperial Age
28:22 Wheelbarrow
27:33 Loom
27:33 Town Watch
28:14 Forging
28:09 Scale Barding Armor
29:42 Gold Shaft Mining
29:44 Stone Shaft Mining
30:47 Chemistry
30:40 Chain Barding Armor
ImpReSRa
11:01 Feudal Age
11:28 Double-Bit Axe
13:11 Gold Mining
13:14 Horse Collar
18:10 Castle Age
16:23 Stone Mining
18:33 Scale Barding Armor
21:08 Husbandry
23:31 Wheelbarrow
23:17 Bow Saw
23:47 Gold Shaft Mining
28:59 Chain Barding Armor
sr2
8:48 Feudal Age
12:03 Horse Collar
14:50 Double-Bit Axe
15:53 Stone Mining
anibaltobar
3:47 Loom
5:00 Loom
7:44 Loom
10:30 Feudal Age
14:29 Castle Age
13:53 Stone Mining
13:56 Gold Mining
13:56 Double-Bit Axe
Seeker
12:31 Feudal Age
13:49 Double-Bit Axe
13:46 Horse Collar
16:44 Wheelbarrow
17:39 Stone Mining
17:42 Gold Mining
17:43 Stone Mining
20:59 Castle Age
27:24 Fletching
27:45 Forging
28:07 Hand Cart
27:59 Crossbowman
29:38 Pikeman
30:19 Squires
Shram
0:34 Loom
11:34 Feudal Age
12:01 Horse Collar
12:58 Wheelbarrow
12:12 Double-Bit Axe
23:54 Castle Age
21:49 Fletching
22:00 Padded Archer Armor
22:11 Forging
22:22 Scale Mail Armor
22:41 Gold Mining
24:53 Caravan
25:27 Hand Cart
25:43 Squires
25:28 Arson
26:05 Heavy Plow
26:44 Bow Saw
28:23 Bodkin Arrow
Guardian of Tirisfal
11:03 Feudal Age
11:33 Horse Collar
11:39 Double-Bit Axe
19:56 Castle Age
18:08 Gold Mining
21:15 Heavy Plow
21:26 Bow Saw
22:59 Wheelbarrow
24:22 Hand Cart
27:04 Imperial Age
26:07 Squires
26:51 Gold Shaft Mining
IvanD
10:14 Loom
15:58 Feudal Age
16:18 Man-at-Arms
18:40 Forging
19:08 Wheelbarrow
19:16 Double-Bit Axe
19:14 Horse Collar
25:06 Castle Age
24:35 Fletching
24:54 Scale Mail Armor
26:18 Chain Mail Armor
28:31 Hand Cart
28:39 Bow Saw
30:13 Iron Casting
29:07 Pikeman
30:50 Bodkin Arrow
31:15 Squires
Connection lost

Rejoining the realm…

Still unreachable

The connection could not be restored.

Session expired

The server has moved on; the page needs a fresh start.